 Dungeon Crawl Stone Soup version 0.31-a0-1227-g0136665373 (console) character file.

Game seed: 15040357259397056514

45096 jejorda2 the Cleaver (level 14, -16/113 HPs)
             Began as a Gnoll Berserker on Dec 14, 2023.
             Was a High Priest of Trog.
             Demolished by a catoblepas (18 damage)
             ... on level 5 of the Lair of Beasts.
             The game lasted 00:52:15 (18771 turns).

jejorda2 the Cleaver (Gnoll Berserker)             Turns: 18771, Time: 00:52:15

Health: -16/113    AC: 28    Str: 22    XL:     14   Next: 31%
Magic:  27/27      EV: 10    Int:  6    God:    Trog [*****.]
Gold:   2640       SH:  0    Dex: 12    Spells: 31/31 levels left

rFire   + + +        a - +7 battleaxe
rCold   . . .        (shield currently unavailable)
rNeg    . . .        m - +2 plate armour {rF+}
rPois   +            h - +2 hat
rElec   .            q - +2 cloak
rCorr   .            g - +1 pair of gloves of Gehenna {rF++}
SInv    .            i - +2 pair of boots
Will    +....        B - amulet of faith Stlth
                     A - ring of poison resistance
HPRegen 0.38/turn    (no ring)
MPRegen 0.20/turn

%: faith
@: no status effects
A: fangs 1, strong nose, distributed training
a: Renounce Religion, Berserk, Trog's Hand, Brothers in Arms


You were on level 5 of the Lair of Beasts.
You worshipped Trog.
Trog was extremely pleased with you.
You visited 2 branches of the dungeon, and saw 15 of its levels.
You also visited: Ossuary, Bailey and Volcano.

You collected 2676 gold pieces.
You spent 36 gold pieces at shops.

Inventory:

Hand Weapons
 a - a +7 battleaxe (weapon)
 b - a +1 eveningstar of flaming
Missiles
 e - a throwing net
 j - 7 javelins
 k - 2 darts of dispersal
 n - 17 boomerangs (quivered)
 x - 22 poisoned darts
Armour
 g - the +1 pair of gloves of Gehenna (worn) {rF++}
   (You acquired it on level 2 of the Lair of Beasts)

   rF++:      It greatly protects you from fire.
 h - a +2 hat (worn)
 i - a +2 pair of boots (worn)
 m - a +2 plate armour of fire resistance (worn)
 q - a +2 cloak (worn)
 L - the +2 chain mail of Beyond {rC+ Regen+ Dex+2}
   (You took it off an orc on level 10 of the Dungeon)

   Dex+2:     It affects your dexterity (+2).
   rC+:       It protects you from cold.
   Regen+:    It increases your rate of health regeneration.
Jewellery
 A - a ring of poison resistance (left hand)
 B - an amulet of faith (around neck)
Wands
 l - a wand of light (7)
 u - a wand of flame (10)
 E - a wand of polymorph (7)
 J - a wand of paralysis (5)
Scrolls
 p - 6 scrolls of teleportation
 s - 3 scrolls of poison
 y - 2 scrolls of immolation
 D - 2 scrolls of summoning
 G - a scroll of enchant armour
 I - a scroll of torment {unknown}
Potions
 c - a potion of heal wounds
 d - 5 potions of might
 f - 11 potions of curing
 r - a potion of enlightenment
 t - 7 potions of mutation
 v - 2 potions of attraction
 w - a potion of resistance
 z - a potion of invisibility
 F - a potion of cancellation
 H - 3 potions of haste
Miscellaneous
 C - a lightning rod (4/4)


   Skills:
 + Level 11.3 Fighting
 + Level 9.3 Short Blades
 + Level 9.3 Long Blades
 + Level 11.3 Axes
 + Level 9.3 Maces & Flails
 + Level 9.3 Polearms
 + Level 9.3 Staves
 + Level 9.3 Ranged Weapons
 + Level 9.3 Throwing
 + Level 10.4 Armour
 + Level 10.4 Dodging
 + Level 9.3 Stealth
 + Level 9.3 Shields
 + Level 9.3 Unarmed Combat
 + Level 9.3 Spellcasting
 + Level 7.7 Conjurations
 + Level 7.7 Hexes
 + Level 7.7 Summonings
 + Level 7.7 Necromancy
 + Level 7.7 Translocations
 + Level 7.7 Transmutations
 + Level 7.7 Fire Magic
 + Level 7.7 Ice Magic
 + Level 7.7 Air Magic
 + Level 7.7 Earth Magic
 + Level 7.7 Poison Magic
 + Level 10.1 Invocations
 + Level 9.3 Evocations
 + Level 8.5 Shapeshifting


You had 31 spell levels left.
You didn't know any spells.
Your spell library was empty.

Dungeon Overview and Level Annotations

Branches:
Dungeon (10/15)            Temple (0/1) D:4            Lair (5/5) D:8
  Swamp (0/4) Lair:2        Snake (0/4) Lair:3          Orc (0/2) D:10
Ossuary (visited)          Bailey (visited)         Volcano (visited)
  Slime: Lair:4-5

Altars:
Dithmenos
Elyvilon
Hepliaklqana
Kikubaaqudgha
Ru
Vehumet
Zin

Shops:
D:1 !

Portals:
Abyss: D:6

Annotations:
D:9 3 runed translucent doors, exclusion: 3 doors, Tollund's ghost, novice MiGl
Lair:5 1 runed translucent door, hikkokomori's ghost, journeyman GrEE


Innate Abilities, Weirdness & Mutations

You have very sharp teeth.
Your uncanny sense of smell can sniff out nearby items.
Your experience applies equally to all skills.


Message History

* * * LOW HITPOINT WARNING * * *
The black mamba bites you but does no damage.
You are engulfed in calcifying dust.
The black mamba bites you but does no damage.
The catoblepas breathes a plume of calcifying dust at you.
The blast of calcifying dust hits you but does no damage.
The black mamba completely misses you.
You are engulfed in calcifying dust.
The black mamba bites you but does no damage.
The catoblepas gores you!
* * * LOW HITPOINT WARNING * * *
The black mamba bites you.
* * * LOW HITPOINT WARNING * * *
You are engulfed in calcifying dust.
The black mamba bites you!
* * * LOW HITPOINT WARNING * * *
The catoblepas breathes a plume of calcifying dust at you.
The blast of calcifying dust hits you but does no damage.
The black mamba bites you but does no damage.
The black mamba bites you.
The catoblepas gores you but does no damage.
The black mamba bites you but does no damage.
The catoblepas breathes a plume of calcifying dust at you.
The blast of calcifying dust hits you but does no damage.
The black mamba bites you but does no damage.
You are engulfed in calcifying dust.
The black mamba bites you but does no damage.
The catoblepas gores you!
* * * LOW HITPOINT WARNING * * *
The black mamba bites you.
* * * LOW HITPOINT WARNING * * *
You turn to flesh and can move again.
As you read the scroll of fear, it crumbles to dust.
You assume a fearsome visage.
The catoblepas resists with some effort.
The black mamba looks frightened!
You are engulfed in calcifying dust.
The catoblepas gores you!
* * * LOW HITPOINT WARNING * * *
Unknown command.
The catoblepas gores you!!
You die...

##.##...#...#
###....#..P#
#.##...#...#
###.P#.#.#..##
##....#...†..#
#.S.........##
##..........#
#......#....#
##.@#####...##
#.Y§§§.§#####
#...#...#
#.......# ∆
##..#####∆∆∆
#... ∆ #....
#.#... ##....#


You could see a catoblepas and a black mamba (fleeing).

Vanquished Creatures
  An orc warlord (Bailey)
  2 catoblepae
  A hydra (Lair:4)
  3 two-headed ogres (D:10)
  A tengu warrior (D:10)
  A boulder beetle (D:10)
  2 death yaks (Lair:5)
  Urug (D:10)
  A skyshark (Lair:4)
  Pikel (D:6)
  A deep elf pyromancer (D:10)
  2 orc knights (Bailey)
  Maurice (D:7)
  An orc sorcerer (Volcano)
  A manticore (Lair:5)
  2 ugly things
  7 elephants
  Joseph (D:7)
  4 black mambas
  7 cane toads
  A torpor snail (Lair:5)
  A molten gargoyle (Volcano)
  8 komodo dragons
  A rime drake (Lair:2)
  A troll (D:10)
  A red devil (Volcano)
  A hornet (Lair:5)
  2 polar bears
  A blink frog (Lair:5)
  Prince Ribbit (D:6)
  2 dream sheep (Lair:5)
  Sigmund (D:6)
  3 shadows
  2 small abominations (D:6)
  47 yaks
  7 fire bats (Volcano)
  2 wraiths (D:10)
  2 basilisks
  9 wyverns
  4 vampire mosquitoes (Lair:2)
  Edmund (D:5)
  Menkaure (D:5)
  An acid dragon (D:8)
  3 wargs (D:8)
  11 water moccasins
  Duvessa (D:7)
  An ice beast (D:7)
  10 orc warriors
  6 black bears
  A sky beast (D:8)
  A boggart (D:10)
  An ogre (D:5)
  9 wolves
  A lemure (D:6)
  5 centaurs
  A phantom (D:4)
  2 elf zombies (Ossuary)
  3 kobold brigands
  15 bullfrogs
  2 gnoll sergeants
  3 scorpions
  17 wights
  Dowan (D:7)
  4 killer bees
  11 electric eels
  8 howler monkeys
  5 lava snakes (Volcano)
  A quasit (D:6)
  2 hounds
  Crazy Yiuf (D:5)
  9 orc priests
  Jessica (D:3)
  18 orc wizards
  2 iguanas
  2 mummies (Ossuary)
  Robin (D:2)
  26 gnolls
  6 adders
  2 white imps
  2 adder zombies (Ossuary)
  2 worms
  The ghost of MysticSailboat the Sneak, a weakling DgDe (D:6)
  2 dart slugs (D:1)
  80 orcs
  9 ball pythons
  9 endoplasms
  4 giant cockroaches
  22 goblins
  18 hobgoblins
  2 jackals (D:4)
  8 kobolds
  3 quokkas
  5 bats
  2 frilled lizards
  4 goblin zombies (Ossuary)
  4 hobgoblin zombies (Ossuary)
  A jackal zombie (Ossuary)
  14 kobold zombies (Ossuary)
  10 orc zombies (Ossuary)
  5 rats
  A spectral hobgoblin (D:9)
542 creatures vanquished.

Vanquished Creatures (collateral kills)
  An ugly thing (Volcano)
  3 elephants (Lair:1)
  A smoke demon (Volcano)
  A molten gargoyle (Volcano)
  A cane toad (Lair:1)
  A hell hound (Volcano)
  An orc warrior (Bailey)
  A goblin (Bailey)
  A hobgoblin (Bailey)
11 creatures vanquished.

Grand Total: 553 creatures vanquished

Notes
Turn   | Place    | Note
-------+----------+-------------------------------------------
     0 | D:1      | jejorda2 the Gnoll Berserker began the quest for the Orb.
     0 | D:1      | Reached XP level 1. HP: 23/23 MP: 1/1
    37 | D:1      | Found Ytumimap's Distillery.
    70 | D:1      | Reached XP level 2. HP: 22/29 MP: 2/2
   469 | D:1      | Reached XP level 3. HP: 35/35 MP: 3/3
   613 | D:1      | Reached ** piety under Trog
   645 | D:1      | Reached skill level 1 in Invocations
   973 | D:1      | Bought a potion of curing for 36 gold pieces
  1006 | D:2      | Found a faded altar of an unknown god.
  1098 | D:2      | Noticed Robin
  1107 | D:2      | Reached skill level 1 in Short Blades
  1107 | D:2      | Reached skill level 1 in Long Blades
  1107 | D:2      | Reached skill level 1 in Maces & Flails
  1107 | D:2      | Reached skill level 1 in Polearms
  1107 | D:2      | Reached skill level 1 in Staves
  1107 | D:2      | Reached skill level 1 in Ranged Weapons
  1107 | D:2      | Reached skill level 1 in Throwing
  1107 | D:2      | Reached skill level 1 in Stealth
  1107 | D:2      | Reached skill level 1 in Shields
  1107 | D:2      | Reached skill level 1 in Unarmed Combat
  1107 | D:2      | Reached skill level 1 in Spellcasting
  1107 | D:2      | Reached skill level 1 in Evocations
  1110 | D:2      | Killed Robin
  1111 | D:2      | Reached skill level 1 in Shapeshifting
  1111 | D:2      | Reached XP level 4. HP: 41/41 MP: 5/5
  1628 | D:3      | Reached skill level 1 in Conjurations
  1628 | D:3      | Reached skill level 1 in Hexes
  1628 | D:3      | Reached skill level 1 in Summonings
  1628 | D:3      | Reached skill level 1 in Necromancy
  1628 | D:3      | Reached skill level 1 in Translocations
  1628 | D:3      | Reached skill level 1 in Transmutations
  1628 | D:3      | Reached skill level 1 in Fire Magic
  1628 | D:3      | Reached skill level 1 in Ice Magic
  1628 | D:3      | Reached skill level 1 in Air Magic
  1628 | D:3      | Reached skill level 1 in Earth Magic
  1628 | D:3      | Reached skill level 1 in Poison Magic
  1664 | D:3      | Reached XP level 5. HP: 47/47 MP: 6/6
  1991 | D:3      | Reached *** piety under Trog
  2348 | D:3      | Reached XP level 6. HP: 42/53 MP: 8/8
  2619 | D:3      | Noticed Jessica
  2625 | D:3      | Killed Jessica
  2708 | D:4      | Reached skill level 5 in Armour
  2708 | D:4      | Reached skill level 5 in Dodging
  2763 | D:4      | Noticed a black bear
  2770 | D:4      | Killed a black bear
  2830 | D:4      | Found a shadowy altar of Dithmenos.
  2838 | D:4      | Reached XP level 7. HP: 57/60 MP: 10/10
  2951 | D:4      | Found a staircase to the Ecumenical Temple.
  3529 | D:5      | Entered Level 5 of the Dungeon
  3585 | D:5      | Found an ancient bone altar of Kikubaaqudgha.
  3591 | D:5      | Found a sand-covered staircase.
  3591 | D:5      | Noticed Edmund
  3603 | D:5      | Killed Edmund
  3631 | Ossuary  | Entered an ossuary
  3693 | Ossuary  | Reached **** piety under Trog
  3775 | Ossuary  | Reached XP level 8. HP: 67/67 MP: 12/12
  3893 | D:5      | Noticed Menkaure
  3900 | D:5      | Killed Menkaure
  3965 | D:5      | Noticed a wyvern
  3972 | D:5      | Killed a wyvern
  4051 | D:5      | an ice beast changed into a wyvern
  4051 | D:5      | Noticed a wyvern
  4059 | D:5      | Killed a wyvern
  4247 | D:5      | Found a runed translucent door.
  4248 | D:5      | Noticed Crazy Yiuf
  4257 | D:5      | Killed Crazy Yiuf
  4615 | D:6      | Found a transporter.
  4622 | D:6      | Reached XP level 9. HP: 59/72 MP: 14/14
  4628 | D:6      | Noticed Sigmund
  4734 | D:6      | Noticed Pikel
  4748 | D:6      | Killed Pikel
  4921 | D:6      | Killed Sigmund
  4923 | D:6      | Reached skill level 5 in Invocations
  4981 | D:6      | Found a one-way gate to the infinite horrors of the Abyss.
  4981 | D:6      | Noticed MysticSailboat's ghost (weakling DgDe)
  5064 | D:6      | Noticed Prince Ribbit
  5071 | D:6      | Killed Prince Ribbit
  5090 | D:6      | Found a transporter.
  5104 | D:6      | Noticed a red ugly thing
  5529 | D:6      | Killed a red ugly thing
  5530 | D:6      | Reached skill level 5 in Short Blades
  5530 | D:6      | Reached skill level 5 in Long Blades
  5530 | D:6      | Reached skill level 5 in Maces & Flails
  5530 | D:6      | Reached skill level 5 in Polearms
  5530 | D:6      | Reached skill level 5 in Staves
  5530 | D:6      | Reached skill level 5 in Ranged Weapons
  5530 | D:6      | Reached skill level 5 in Throwing
  5530 | D:6      | Reached skill level 5 in Stealth
  5530 | D:6      | Reached skill level 5 in Shields
  5530 | D:6      | Reached skill level 5 in Unarmed Combat
  5530 | D:6      | Reached skill level 5 in Spellcasting
  5530 | D:6      | Reached skill level 5 in Evocations
  5530 | D:6      | Reached XP level 10. HP: 81/81 MP: 17/17
  5532 | D:6      | Killed MysticSailboat's ghost
  5685 | D:7      | Noticed Joseph
  5701 | D:7      | Killed Joseph
  5745 | D:7      | You fall into a shaft and drop 2 floors!
  5764 | D:9      | Found a white marble altar of Elyvilon.
  6013 | D:7      | Found a glowing silver altar of Zin.
  6013 | D:7      | Found a radiant altar of Vehumet.
  6050 | D:7      | Found a flagged portal.
  6056 | D:7      | Noticed Duvessa
  6059 | Bailey   | Entered a bailey
  6355 | Bailey   | Reached skill level 5 in Shapeshifting
  6362 | Bailey   | Reached ***** piety under Trog
  6465 | Bailey   | Noticed an orc knight
  6465 | Bailey   | Noticed an orc knight
  6471 | Bailey   | Killed an orc knight
  6476 | Bailey   | Killed an orc knight
  6744 | Bailey   | Noticed an orc warlord
  6760 | Bailey   | Killed an orc warlord
  6761 | Bailey   | Reached skill level 5 in Conjurations
  6761 | Bailey   | Reached skill level 5 in Hexes
  6761 | Bailey   | Reached skill level 5 in Summonings
  6761 | Bailey   | Reached skill level 5 in Necromancy
  6761 | Bailey   | Reached skill level 5 in Translocations
  6761 | Bailey   | Reached skill level 5 in Transmutations
  6761 | Bailey   | Reached skill level 5 in Fire Magic
  6761 | Bailey   | Reached skill level 5 in Ice Magic
  6761 | Bailey   | Reached skill level 5 in Air Magic
  6761 | Bailey   | Reached skill level 5 in Earth Magic
  6761 | Bailey   | Reached skill level 5 in Poison Magic
  6761 | Bailey   | Reached XP level 11. HP: 89/89 MP: 18/20
  6828 | Bailey   | Acquired 833 gold pieces
  6877 | D:7      | Killed Duvessa
  6879 | D:7      | Noticed Dowan
  6885 | D:7      | Killed Dowan
  7372 | D:7      | Noticed Maurice
  7385 | D:7      | Killed Maurice
  8657 | D:8      | Found a staircase to the Lair.
  9880 | D:9      | Found a sacrificial altar of Ru.
 10168 | D:9      | Found a white marble altar of Elyvilon.
 10404 | D:9      | Found a runed translucent gate.
 10404 | D:9      | Found a runed translucent gate.
 10405 | D:9      | Found a runed translucent gate.
 10409 | D:9      | Noticed Tollund's ghost (novice MiGl)
 10590 | D:9      | Found a hazy altar of Hepliaklqana.
 10755 | D:9      | Reached XP level 12. HP: 87/96 MP: 22/22
 11122 | D:10     | Entered Level 10 of the Dungeon
 11380 | D:10     | Received a gift from Trog
 11395 | D:10     | Noticed Urug
 11405 | D:10     | Killed Urug
 11436 | D:10     | Noticed a boulder beetle
 11449 | D:10     | Killed a boulder beetle
 11593 | D:10     | Found a staircase to the Orcish Mines.
 11608 | D:10     | Identified the +2 chain mail of Beyond {rC+ Regen+ Dex+2}
 11962 | D:10     | Reached skill level 10 in Fighting
 11962 | D:10     | Reached skill level 10 in Axes
 12080 | D:10     | Noticed a two-headed ogre
 12082 | D:10     | Noticed a two-headed ogre
 12089 | D:10     | Killed a two-headed ogre
 12093 | D:10     | Killed a two-headed ogre
 12185 | D:10     | Noticed a tengu warrior
 12186 | D:10     | Noticed a two-headed ogre
 12201 | D:10     | Killed a two-headed ogre
 12211 | D:10     | Killed a tengu warrior
 12799 | Lair:1   | Entered Level 1 of the Lair of Beasts
 12852 | Lair:1   | Found a dark tunnel.
 12859 | Volcano  | Entered a volcano
 12970 | Volcano  | Reached XP level 13. HP: 104/104 MP: 23/25
 13196 | Volcano  | Found a burning altar of Makhleb.
 13201 | Volcano  | Received a gift from Trog
 14575 | Lair:2   | Found a staircase to the Swamp.
 14805 | Lair:2   | Acquired the +1 pair of gloves of Gehenna {rF++}
 16120 | Lair:3   | Reached skill level 10 in Armour
 16120 | Lair:3   | Reached skill level 10 in Dodging
 16276 | Lair:3   | Found a staircase to the Snake Pit.
 17275 | Lair:4   | Reached XP level 14. HP: 113/113 MP: 25/27
 17459 | Lair:4   | Identified the +11 dagger of Dullness {flame, rN+ rCorr}
 18037 | Lair:5   | Entered Level 5 of the Lair of Beasts
 18285 | Lair:5   | Noticed hikkokomori's ghost (journeyman GrEE)
 18298 | Lair:5   | Found a runed translucent door.
 18334 | Lair:5   | Reached skill level 10 in Invocations
 18770 | Lair:5   | HP: 1/113 [catoblepas (15)]
 18771 | Lair:5   | Demolished by a catoblepas

Illustrated notes

Levels and vault maps discovered:
D:1:      lightli_arrival_statuegarden, layout_basic, serial_shops, shop
D:2:      layout_rooms, dreamdust_ecumenical_altar_grove, grunt_ministairs_8,
          uniq_robin
D:3:      layout_loops_corners, kennysheep_jessica_study
D:4:      layout_basic, old_standard_altar, minmay_temple_entry_nine_rooms,
          serial_park_tiny_2
D:5:      layout_rooms, nicolae_kikubaaqudgha_miasma_corner, enter_ossuary_1,
          nrook_mini_vaults, uniq_menkaure, uniq_edmund, uniq_crazy_yiuf_cottage
D:6:      layout_rooms, gammafunk_ghost_abyssal_escape,
          corexii_leaking_fountain, nicolae_nh_ransacked_shop, uniq_pikel,
          uniq_prince_ribbit1, uniq_sigmund
D:7:      layout_cave_pods, gammafunk_temple_overflow_elements, enter_bailey_2,
          uniq_maurice, uniq_joseph, uniq_duvessa
D:8:      layout_basic, erik_lair_orcish_takeover, serial_bayou,
          serial_bayou_pond_b, serial_bayou_lagoon_a, serial_bayou_lake_a,
          serial_bayou_pond_c
D:9:      layout_grid_maze, nicolae_hepliaklqana_monster_ancestors,
          mainiacjoe_overflow_tiny_flanked, gammafunk_ghost_spectres,
          hangedman_feature_mirror, supply_closet_lemuel
D:10:     cheibrodos_ideogram_h, layout_loops_ring, hiddenorc1_lemuel, uniq_urug
Lair:1:   layout_cave_pods, nicolae_volcano_entry_lava_flow
Lair:2:   layout_chaotic_city, minmay_swamp_entry_swarm
Lair:3:   layout_cave_pods, dummy_snake_entry, beast_lair_carwin_3
Lair:4:   layout_roguey
Lair:5:   hangedman_lair_in_review, layout_cave_pods,
          minmay_slime_entry_pillars, hellmonk_ghost_happy_afterlife,
          infiniplex_staircase_pool, serial_bayou_shore_a

Skill      XL: |  1  2  3  4  5  6  7  8  9 10 11 12 13 14 |
---------------+-------------------------------------------+-----
Invocations    | 1 2 3 4 5 6 7 8 9 10 | 10.1
Short Blades   | 1 2 3 5 6 8 9 |  9.3
Long Blades    | 1 2 3 5 6 8 9 |  9.3
Maces & Flails | 1 2 3 5 6 8 9 |  9.3
Polearms       | 1 2 3 5 6 8 9 |  9.3
Staves         | 1 2 3 5 6 8 9 |  9.3
Ranged Weapons | 1 2 3 5 6 8 9 |  9.3
Throwing       | 1 2 3 5 6 8 9 |  9.3
Stealth        | 1 2 3 5 6 8 9 |  9.3
Shields        | 1 2 3 5 6 8 9 |  9.3
Unarmed Combat | 1 2 3 5 6 8 9 |  9.3
Spellcasting   | 1 2 3 5 6 8 9 |  9.3
Evocations     | 1 2 3 5 6 8 9 |  9.3
Shapeshifting  | 1 2 3 4 5 6 7 8 |  8.5
Conjurations   | 1 2 3 4 5 6 7 |  7.7
Hexes          | 1 2 3 4 5 6 7 |  7.7
Summonings     | 1 2 3 4 5 6 7 |  7.7
Necromancy     | 1 2 3 4 5 6 7 |  7.7
Translocations | 1 2 3 4 5 6 7 |  7.7
Transmutations | 1 2 3 4 5 6 7 |  7.7
Fire Magic     | 1 2 3 4 5 6 7 |  7.7
Ice Magic      | 1 2 3 4 5 6 7 |  7.7
Air Magic      | 1 2 3 4 5 6 7 |  7.7
Earth Magic    | 1 2 3 4 5 6 7 |  7.7
Poison Magic   | 1 2 3 4 5 6 7 |  7.7
Armour         | 5 6 7 8 9 10 | 10.4
Dodging        | 5 6 7 8 9 10 | 10.4
Fighting       | 7 8 9 10 11 | 11.3
Axes           | 7 8 9 10 11 | 11.3

Action                     |  1- 3 |  4- 6 |  7- 9 | 10-12 | 13-15 || total
---------------------------+-------+-------+-------+-------+-------++-------
  Melee: Hand axe          |   103 |   216 |    45 |       |       ||   364
         Bite              |     5 |    18 |    29 |    54 |    50 ||   156
         Punch             |     1 |     3 |     4 |       |     1 ||     9
         War axe           |       |       |   203 |       |       ||   203
         Battleaxe         |       |       |    29 |   520 |   398 ||   947
         Eveningstar       |       |       |       |       |     4 ||     4
  Throw: Dart              |       |       |     5 |     3 |       ||     8
         Boomerang         |       |       |       |    57 |    42 ||    99
 Invoke: Trog's Hand       |     1 |     2 |     7 |     8 |     2 ||    20
         Berserk           |     1 |     2 |    10 |    14 |     6 ||    33
         Brothers in Arms  |       |       |       |     2 |     1 ||     3
  Evoke: Wand              |       |       |       |     1 |       ||     1
    Use: Scroll            |       |       |    11 |    17 |     7 ||    35
         Potion            |       |       |     1 |     1 |     1 ||     3
   Stab: Paralysed         |       |       |     1 |     3 |       ||     4
         Confused          |       |       |     1 |       |       ||     1
         Petrified         |       |       |       |       |     8 ||     8
         Distracted        |       |       |       |       |     1 ||     1
         Petrifying        |       |       |       |       |     1 ||     1
 Armour: Scale mail        |    12 |       |       |       |       ||    12
         Chain mail        |    10 |       |       |       |       ||    10
         Plate armour      |    55 |   199 |   247 |   681 |   504 ||  1686
         Skin              |       |       |       |     7 |       ||     7
  Dodge: Dodged            |    28 |    53 |    80 |   235 |   241 ||   637

Table legend: (Time is in decaauts)
 A = Elapsed time spent in this place.
 B = Non-inter-level travel time spent in this place.
 C = Inter-level travel time spent in this place.
 D = Time resting spent in this place.
 E = Time spent auto-exploring this place.
 F = Levels seen in this place.
 G = Mean time per level.
                   A        B        C        D        E       F      G
               +--------+--------+--------+--------+--------+-----+--------+
         Total |  19388 |  18704 |    684 |   2443 |  12098 |  18 | 1077.1 |
       Dungeon |  12176 |  11678 |    498 |   1646 |   7338 |  10 | 1217.6 |
          Lair |   5319 |   5134 |    185 |    227 |   4096 |   5 | 1063.8 |
       Ossuary |    260 |    260 |      0 |     40 |     81 |   1 |  260.0 |
        Bailey |    838 |    838 |      0 |    414 |    181 |   1 |  838.0 |
       Volcano |    793 |    793 |      0 |    115 |    401 |   1 |  793.0 |
               +--------+--------+--------+--------+--------+-----+--------+

Top non-repeatable levels by time:
     D:8: 2566 daAuts
    D:10: 1702 daAuts
  Lair:3: 1409 daAuts
     D:9: 1385 daAuts
     D:3: 1155 daAuts
  Lair:1: 1084 daAuts
     D:5: 1073 daAuts
  Lair:4: 1059 daAuts
     D:7: 1022 daAuts
  Lair:2: 996 daAuts
     D:1: 994 daAuts
     D:6: 879 daAuts
     D:4: 859 daAuts
  Bailey: 838 daAuts
 Volcano: 793 daAuts
